Cogmind - Beta 16 @@@ ROGUE MODE // 2025.12.21 @ 22:48:42 Player: naththebg Result: Destroyed by D-53 Grenadier with Mini Grenade Launcher Performance ------------- Evolutions (0) 0 Regions Visited (2) 400 Robots Destroyed (14) 70 Value Destroyed (411) 411 Prototype IDs (6) 120 Alien Tech Used (0) 0 Bonus (0) 0 TOTAL SCORE: 1001 Bonus ------- None Cogmind --------- Core Integrity 0/250 Matter 278/300 Energy 98/100 System Corruption 0% Temperature Cool (0) Movement Core (50) Location -10/Mines Parts ------- > --- POWER (1) -------- (None) > --- PROPULSION (2) --- (None) > --- UTILITY (2) ------ (None) > --- WEAPON (2) ------- (None) > --- INVENTORY (5) ---- Light Treads Light Cannon Light Cannon Grenade Launcher Flail Peak State ------------ > --- POWER ------------ Light Ion Engine > --- PROPULSION ------- Aluminum Leg Aluminum Leg > --- UTILITY ---------- Small Storage Unit Hacking Suite > --- WEAPON ----------- EM Pulse Gun EM Pulse Gun > --- INVENTORY -------- Light Ion Engine Light Treads Light Treads Light Cannon Light Cannon Light Cannon Light Cannon [Rating: 9] Favorites ----------- Power Light Ion Engine Engine Light Ion Engine Propulsion Aluminum Leg Leg Aluminum Leg Utility Small Storage Unit Storage Small Storage Unit Hackware Hacking Suite Weapon EM Pulse Gun Energy Gun EM Pulse Gun Energy Cannon Beam Cannon Ballistic Cannon Light Cannon Launcher Grenade Launcher Build | -11 -10 -10 ------- Run | Yrd Mat Min Slots Evolved . | . . . Power . | . . . Propulsion . | . . . Utility . | . . . Weapon . | . . . Parts Attached 10 | 6 3 1 Power 1 | 1 . . Engine 1 | 1 . . Core . | . . . Reactor . | . . . Propulsion 2 | 2 . . Treads . | . . . Leg 2 | 2 . . Wheel . | . . . Hover . | . . . Flight . | . . . Utility 2 | 1 1 . Device . | . . . Storage 1 | 1 . . Processor . | . . . Hackware 1 | . 1 . Protection . | . . . Artifact . | . . . Weapon 5 | 2 2 1 Energy Gun 2 | 2 . . Energy Cannon 1 | . 1 . Ballistic Gun . | . . . Ballistic Cannon 1 | . 1 . Launcher 1 | . . 1 Special Weapon . | . . . Impact Weapon . | . . . Slashing Weapon . | . . . Piercing Weapon . | . . . Special Melee Weapon . | . . . Unidentified Prototypes . | . . . Parts Lost 3 | . . 3 Power 1 | . . 1 Propulsion 1 | . . 1 Utility 1 | . . 1 Weapon . | . . . Highest Loss Streak 3 | . . 3 To Critical Strikes . | . . . Average Backups 7 | 3 7 8 Power . | . 1 1 Propulsion 2 | 1 2 2 Utility . | . . . Weapon 4 | . 4 5 Tool/Special . | . . . Unused Backups 10 | . 3 7 Power 1 | . . 1 Propulsion 4 | . 2 2 Utility . | . . . Weapon 5 | . 1 4 Tool/Special . | . . . Average Slot Usage (%) 93 | . 91 99 Engine 14 | . 14 14 Leg 27 | . 28 27 Storage 14 | . 14 14 Hackware 8 | . 6 14 Energy Gun 17 | . 22 . Energy Cannon 5 | . 2 14 Ballistic Cannon 4 | . 2 12 Peak Build Rating 9 | 6 9 9 Average Rating 7 | 3 7 8 On Entrance 5 | . 6 9 Avg Prop Armor Cover (%) . | . . . Naked Turns 3 | . . 3 Heaviest Build 14 | 12 14 14 Greatest Support 20 | 20 20 20 Greatest Overweight (x) 1 | . . 1 Average Overweight (x) . | . . . Largest Inventory Capacity 8 | 8 8 8 Average Capacity 7 | 7 8 7 Most Carried 8 | 6 8 8 Average Carried 7 | 3 7 7 Final Capacity 8 | 8 8 5 Final Carried 8 | 6 8 5 Class Distribution -------------------- 100% | Mutant Dominant Class ---------------- Mutant | -10/Materials Mutant | -10/Mines Resources | -11 -10 -10 ----------- Run | Yrd Mat Min Matter Collected 324 | 210 55 59 Remotely . | . . . Salvage Created 429 | . 328 101 Parts 17 | . 12 5 Haulers Intercepted . | . . . Recyclers Shooed . | . . . Parts Field Recycled . | . . . Retrieved Matter . | . . . Parts Self-Destructed . | . . . Prevented . | . . . Parts Restored . | . . . Kills | -11 -10 -10 ------- Run | Yrd Mat Min Combat Hostiles Destroyed 10 | . 5 5 Guns 3 | . 3 . Cannons 2 | . . 2 AOE 5 | . 2 3 Classes Destroyed 4 | . 3 1 Operator 1 | . 1 . Watcher 3 | . 3 . Swarmer 3 | . . 3 Grunt 7 | . 5 2 Best Kill Streak 3 | . 3 3 Combat Bots Only 3 | . 3 3 Max Kills in Single Turn 2 | . 2 2 Gunslinging . | . . . Exploded 2 | . 2 2 Melee . | . . . Uniques/NPCs Destroyed . | . . . Combat | -11 -10 -10 -------- Run | Yrd Mat Min Hostile Shots Fired 54 | . 20 34 Missed 16 | . 10 6 Hits 38 | . 10 28 Projectile 38 | . 10 28 AOE 7 | . . 7 Damage Taken 622 | . 130 492 Core 265 | . 12 253 Absorbed by Shields . | . . . Core Remaining (%) 100 | 100 . . Volleys Fired 33 | . 22 11 Largest 2 | . 2 2 Hottest 90 | . 80 90 Shots Fired 64 | . 44 20 Gun 44 | . 44 . Cannon 18 | . . 18 Launcher 2 | . . 2 Special . | . . . Kinetic 9 | . . 9 Thermal 9 | . . 9 Explosive 2 | . . 2 Electromagnetic 44 | . 44 . Robot Hit Streak 11 | . 11 8 Robot Miss Streak 3 | . 3 2 Penetration Max . | . . . Secondary Targets . | . . . Shots Hit Robots 44 | . 31 13 Core Hits 21 | . 14 7 Critical Kills . | . . . Critical Parts Destroyed . | . . . Critical Strikes 1 | . 1 . Corrupt 1 | . 1 . Melee Attacks . | . . . Impact . | . . . Slashing . | . . . Piercing . | . . . Sneak Attacks . | . . . Combat Hostiles . | . . . Follow-up Attacks . | . . . Damage Inflicted 1231 | . 862 369 Guns 494 | . 494 . Cannons 226 | . . 226 Explosions 490 | . 356 134 Melee . | . . . Ramming 21 | . 12 9 Kinetic 102 | . . 102 Thermal 366 | . 242 124 Explosive 248 | . 114 134 Electromagnetic 494 | . 494 . Impact . | . . . Slashing . | . . . Piercing . | . . . Highest Corruption . | . . . Average Corruption . | . . . Corruption Purged . | . . . Corruption Blocked . | . . . Overload Shots . | . . . Overflow Damage 4 | . 4 . Projectiles . | . . . Explosions 4 | . 4 . Melee . | . . . Knockbacks 2 | . . 2 Impact . | . . . Kinetic 2 | . . 2 Secondary . | . . . Self-Inflicted Damage . | . . . Shots . | . . . Rammed . | . . . Targets Rammed 3 | . 2 1 Kicked 3 | . 2 1 Crushed . | . . . Highest Temperature 297 | . 147 297 Average Temperature 79 | . 49 139 Received Heat Transfer 168 | . 75 93 Siege Activations . | . . . Martial Activations . | . . . Shielding Activations . | . . . Robots Disrupted . | . . . Combat Hostiles . | . . . Robots Corrupted . | . . . Combat Hostiles . | . . . Parts Fried 2 | . 2 . Impact Corruptions . | . . . Robots Melted . | . . . Combat Hostiles . | . . . Parts Melted 1 | . . 1 Heat Transferred 509 | . 250 259 Parts Sabotaged . | . . . Parts Stolen . | . . . Parts Stripped . | . . . Power Chain Reactions 3 | . 3 . Alert | -11 -10 -10 ------- Run | Yrd Mat Min Maximum Alert Level . | . . . Low Security (%) 100 | 100 100 100 Level 1 . | . . . Level 2 . | . . . Level 3 . | . . . Level 4 . | . . . Level 5 . | . . . High Security . | . . . Max Security . | . . . Peak Influence 141 | . 141 103 Initial . | . . . Average 50 | . 56 42 Influence Increases 358 | . 225 133 Destroy 0b10 Robot/C 200 | . 100 100 Destroy 0b10 Robot/NC 20 | . 20 . Destroy Leader 46 | . 26 20 Successful Hack 9 | . 9 . Disable Machine 60 | . 60 . Destroy Structure 23 | . 10 13 Influence Decreases 325 | . 225 100 Time Decay 234 | . 164 70 Lost Part 30 | . . 30 Purge Threat 61 | . 61 . Squads Dispatched . | . . . Investigation . | . . . Extermination . | . . . Reinforcement . | . . . Assault . | . . . Garrison . | . . . Intercept . | . . . Searches Triggered . | . . . Construction Impeded . | . . . Haulers Reinforced . | . . . Active Scanning Responses . | . . . Cargo Convoy Interrupts . | . . . Stealth | -11 -10 -10 --------- Run | Yrd Mat Min Distress Signals 1 | . 1 . Communications Jammed . | . . . Distress Signals . | . . . Times Spotted 19 | . 9 10 Peak Tracking Total 5 | . 5 4 Tactical Retreats . | . . . Traps | -11 -10 -10 ------- Run | Yrd Mat Min Traps Triggered . | . . . Indirectly . | . . . Trap Hack Attempts . | . . . Triggered . | . . . Disarmed . | . . . Reprogrammed . | . . . Reused . | . . . Traps Extracted . | . . . Installed . | . . . Triggered . | . . . Machines | -11 -10 -10 ---------- Run | Yrd Mat Min Machines Disabled 4 | . 4 . Max in Single Turn 2 | . 2 . Machines Repaired . | . . . Machines Dismantled . | . . . Machines Sabotaged . | . . . Overloaded Fab Kills . | . . . Hacking | -11 -10 -10 --------- Run | Yrd Mat Min Machines Accessed 5 | . 5 . Terminals 5 | . 5 . Fabricators . | . . . Repair Stations . | . . . Recycling Units . | . . . Scanalyzers . | . . . Garrison Access . | . . . Total Hacks 15 | . 15 . Successful 8 | . 8 . Failed 6 | . 6 . Catastrophic 2 | . 2 . Database Lockouts 1 | . 1 . Manual 7 | . 7 . Terminals 15 | . 15 . Fabricators . | . . . Repair Stations . | . . . Recycling Units . | . . . Scanalyzers . | . . . Garrison Access . | . . . Terminal Hacks 7 | . 7 . Robot Analysis 1 | . 1 . Prototype ID Bank 4 | . 4 . Alert Level 1 | . 1 . Unreport Threat 1 | . 1 . Fabricator Hacks . | . . . Repair Station Hacks . | . . . Recycling Unit Hacks . | . . . Scanalyzer . | . . . Garrison Access Hacks . | . . . Unauthorized Hacks 1 | . 1 . Terminals 1 | . 1 . Botnet 1 | . 1 . Fabricators . | . . . Repair Stations . | . . . Recycling Units . | . . . Scanalyzers . | . . . Garrison Access . | . . . Data Cores Recovered 1 | . 1 . Used 1 | . 1 . Hacking Detections 5 | . 5 . Full Trace Events . | . . . Feedback Events . | . . . Feedback Blocked . | . . . Robot Schematics Acquired . | . . . Robots Built . | . . . Authchips . | . . . Time . | . . . Total Robot Build Rating . | . . . Part Schematics Acquired . | . . . Parts Built . | . . . Authchips . | . . . Time . | . . . Total Part Build Rating . | . . . Part Studies Acquired . | . . . Parts Repaired . | . . . Time . | . . . Parts Recycled . | . . . Recycled Matter . | . . . Retrieved Matter . | . . . Retrieved Components . | . . . Parts Scanalyzed . | . . . Part Schematics Acquired . | . . . Parts Damaged . | . . . Bothacking | -11 -10 -10 ------------ Run | Yrd Mat Min Used RIF Installer . | . . . Robots Hacked . | . . . Non-combat . | . . . Combat . | . . . Robot Hacks Applied . | . . . Relay Couplers Released . | . . . Fabnet Peak Effective % . | . . . Robots Rewired . | . . . Allies Hacked . | . . . Hacks Repelled . | . . . Allies | -11 -10 -10 -------- Run | Yrd Mat Min Total Allies . | . . . Largest Group . | . . . Highest-Rated Group . | . . . Highest-Rated Ally . | . . . Total Orders . | . . . Ally Attacks . | . . . Total Damage . | . . . Kills . | . . . Allies Corrupted . | . . . Allies Melted . | . . . Intel | -11 -10 -10 ------- Run | Yrd Mat Min Active Infowar (turns) . | . . . Robot Analysis Total 1 | . 1 . Derelict Logs Recovered 1 | . . 1 Drone Launches . | . . . Drone Recoveries . | . . . Exploration | -11 -10 -10 ------------- Run | Yrd Mat Min Turns Passed 977 | 53 733 191 Spaces Moved 554 | 41 387 126 Core 23 | 15 . 8 Treads . | . . . Legs 531 | 26 387 118 Wheels . | . . . Hover . | . . . Flight . | . . . Fastest Speed 50 | 50 120 50 Average Speed 117 | 94 120 116 Slowest Speed 190 | 120 120 190 Overloaded Moves . | . . . Propulsion Burnouts . | . . . Robots Hopped . | . . . Potential Cave-ins . | . . . Cave-ins Triggered . | . . . Exploration Rate (%) 30 | 4 60 28 Regions Visited 2 Branch Regions 1 Pre-discovered Areas . | . . . Known Exits Taken . | . . . Unknown Exits Taken 2 | 1 1 . Scrap Searched . | . . . Spaces Dug 9 | . . 9 Terrain Destroyed 25 | . 10 15 Melee . | . . . Projectile . | . . . AOE 25 | . 10 15 Terrain Rammed . | . . . Walls Destroyed . | . . . Machines Disabled . | . . . Actions | -11 -10 -10 --------- Run | Yrd Mat Min Total 817 | 53 613 151 Wait 195 | . 188 7 Move 552 | 40 386 126 Hop . | . . . Pick Up 14 | 7 7 . Fast Attach 6 | 5 1 . Attach 3 | 1 2 . Detach . | . . . Swap 2 | . . 2 Drop 9 | . 5 4 Fire 33 | . 22 11 Melee . | . . . Ram . | . . . Kick 3 | . 2 1 Crush . | . . . Escape Stasis . | . . . Rewire . | . . . Trap . | . . . Miscellaneous . | . . . Route ------- -11/Scrapyard -10/Materials (discovered 4 exits: [*Mat x2] / [*Min] / [*Sub]) -10/Mines History --------- Turn | Location | Event 11 | -11/Scrapyard | Discovered new exit (range 16) 54 | -11/Scrapyard | Entered Materials 278 | -10/Materials | Discovered new exit (range 6) 305 | -10/Materials | Build established: Mutant 487 | -10/Materials | Central database locked down 548 | -10/Materials | Discovered new exit (range 5) 601 | -10/Materials | Discovered new exit (range 15) 691 | -10/Materials | Discovered new exit (range 4) 787 | -10/Materials | Entered Mines 891 | -10/Mines | Learned location of 1 exit from Materials 945 | -10/Mines | Assembled infested the area 950 | -10/Mines | Assisted by a Guerilla fighting off Assembled 977 | -10/Mines | Core integrity fell below 50% 978 | -10/Mines | Core integrity fell below 20% 978 | -10/Mines | Destroyed by D-53 Grenadier with Mini Grenade Launcher Last Messages --------------- 00949_ The unstable cave ceiling collapses. 00950_ A derelict emerges from the shadows: "You need to get out of here! I've been tracking a group of Assembled to figure out where they're coming from, and they're closing on this area, come on!" 00960_ K-01 Serf collects debris. 00968_ Aluminum Leg destroyed. 00969_ K-01 Serf collects debris. 00973_ C-45 Heavy ARC bursts open, deploying its payload. 00973_ D-53 Grenadier unfolds itself. 00973_ K-01 Serf destroyed. 00973_ Dropped Aluminum Leg. 00973_ Hacking Suite destroyed. 00973_ Dropped Sml. Storage Unit. 00974_ Dropped Beam Cannon. 00974_ Dropped Lgt. Cannon. 00975_ Lgt. Ion Engine destroyed. 00976_ The unstable cave ceiling collapses. Map ----- +----------------------------------------------------+ | ?????????????????????????????????????????????????? | | ?????????????????????????????????????????????????? | | ?????????????????????????????????????????????????? | | ?????????????????????????????????????????????????? | | ?????????????????????????????????????????????????? | | ?????????????????????????????????????????????????? | | ?????????????????????????????????????????????????? | | ?????????????????????????????????????????????????? | | ?????????????????????????????????????????????????? | | ?????????????????????????????????????????????????? | | ?????????????????????????????????????????????????? | | ????????????????????? ???????????????????????????? | | ???????????????????? ???????????????????????????? | | ????????????????????? #####??????????????????????? | | ???????????????????? ??????????????????????? | | ???????????????????? ??????????????????????? | | ????????????????????? #?????######???????????? | | ??????????????###???? #?????#" "##??????????? | | ????????????### ##???? #?????!! /!#??????????? | | ########???## #???? #??###?! !!#??????????? | | #??## #????? #?## ## #???????????? | | #??# """ #?????# #?# d ###??????????? | | #??# """ ####### #?# d% #??? ??????? | | #??# """ r ### ]] #? #??????? | | """ #### % ! ## #??????? | | """ % % ##### ####@ ]= t #???????? | | """ ##%## ###### #?# ##???????? | | ##%###### ### ##????????? | | ######### #????# ### ##?????????? | | ????????# #????# #?#### # #??????????? | | ????????# #????# #????## ### #?????????? | | ????????# #????# #???##### ####?? #????????? | | ????????# #???## ##### ## #?????# #???????? | | ????????# #??## ## #??????# #??????? | | ????????# #??# ##?????? #??????? | | ????????# #??# ##?????# #??????? | | ????????# #??# ### ##?????# ??????? | | ????????# #??# #?#### # ##?????# ???????? | | ????????# #??## ????## ### #???????????????? | | ????????# #???# ?????###?## ##??????????????? | | ????????# ##### ############# ##?????????????? | | ????????# ## # #?# ##????????????? | | ????????##### #### #?# #????????????? | | ????????????# #??# ## #????????????? | | ????????????# #### """ ## #????????????? | | ????????????# """ ## ???????????? | | ????????????###### """ ### ## ??????????? | | ?????????????????# #?####?##### ?????????? | | ?????????????????###########???????????? ????????? | | ?????????????????????????????????????????#???????? | +----------------------------------------------------+ Best States ------------- Heat Dissipation 25 Energy Generation 10 Energy Capacity 125 Matter Stores 300 Matter Capacity 300 Sight Range 16 Terrain Scan Density 10 Evasion (%) 55 Offensive Hacking 10 Item Schematics ----------------- None Robot Schematics ------------------ None Fabricated ------------ Nothing Repaired ---------- Nothing Studied --------- None Alien Tech Used ----------------- None Achievements -------------- None Challenges ------------ None Game ------ Seed HardlightTeleporterClaws Manual? 0 Play Time 00:08:02 Cumulative 407.8 hours Start 2025.12.21 @ 22:41:49 End 2025.12.21 @ 22:48:42 Sessions 1 Manual Loads 0 Difficulty Rogue Special Mode None Game No. 194 Rogue 194 Adventurer 0 Explorer 0 Win Type - Total 12 Types 9/0/2/0/0/0/0/0/0/1 Lore% 84 Gallery% 82 Achievement% 56 Wizard Run 0 Options --------- Layout 1 ASCII 0 Keyboard 0 Movement Mouse Keybinds 0 Fullscreen 1 Font 24/Smallcaps Map View 50x35 Zoom Use 0% Tactical HUD 1 Map Filters NONE Filters NONE Steam 1 RUN: ec440935-f683-4e3e-81ee-ef8e42f3f18f